 Dungeon Crawl Stone Soup version 0.27.1-33-g824d729ab1 (webtiles) character file.

Game seed: 13609907709799018416

52 zeram the Poker (level 3, -4/43 HPs)
             Began as a Merfolk Fighter on Dec 13, 2021.
             Slain by an orc (6 damage)
             ... on level 3 of the Dungeon.
             The game lasted 00:01:15 (1515 turns).

zeram the Poker (Merfolk Fighter)                   Turns: 1515, Time: 00:01:15

Health: -4/43      AC: 21    Str: 16    XL:     3   Next: 85%
Magic:  3/3        EV:  2    Int:  8    God:
Gold:   119        SH:  9    Dex: 13    Spells: 2/2 levels left

rFire    . . .     SeeInvis .   a - +0 trident
rCold    . . .     Faith    .   c - +0 kite shield
rNeg     + + +     Spirit   .   (armour currently unavailable)
rPois    +         Reflect  .   (helmet currently unavailable)
rElec    .         Harm     .   (cloak currently unavailable)
rCorr    .         Rampage  .   (gloves currently unavailable)
Will     .....     NoTele   +   (boots currently unavailable)
Stlth    +.........             (no amulet)
HPRegen  0.14/turn              (no ring)
MPRegen  0.08/turn              (no ring)

@: mighty, tree-form
A: stationary, stasis, torment immunity, boosted hp, (nimble swimmer 2),
(mertail)
a: no special abilities


You were on level 3 of the Dungeon.
You were a tree.
You visited 1 branch of the dungeon, and saw 3 of its levels.

You collected 119 gold pieces.

Inventory:

Hand Weapons
 a - a +0 trident (weapon)
Armour
 b - a +0 scale mail (melded)
 c - a +0 kite shield (worn)
Jewellery
 h - a ring of see invisible
Scrolls
 f - a scroll of summoning {unknown}
 i - a scroll of acquirement {unknown}
Potions
 g - a potion of heal wounds {unknown}


   Skills:
 - Level 3.2 Fighting
 + Level 4.3 Polearms
 - Level 2.1 Armour
 + Level 0.4 Dodging
 + Level 4.0 Shields


You had 2 spell levels left.
You didn't know any spells.
Your spell library was empty.

Dungeon Overview and Level Annotations

Branches:
Dungeon (3/15)

Altars:


Innate Abilities, Weirdness & Mutations

You are a tree.
Your roots penetrate the ground, keeping you stationary.
You cannot be teleported.
You are immune to unholy pain and torment.
Your maximum health is greatly increased.
Your equipment is partially melded.
((You are quick and stealthy near water. (Stealth+, EV+, Speed+++)))
((Your lower body shifts to a powerful aquatic tail in water.))


Message History

You are too injured to fight recklessly!
You are too injured to fight recklessly!
You are too injured to fight recklessly!
You are too injured to fight recklessly!
You are too injured to fight recklessly!
You are too injured to fight recklessly!
You are too injured to fight recklessly!
You are too injured to fight recklessly!
You are too injured to fight recklessly!
Unknown command.
You completely miss the orc wizard.
The orc wizard is lightly wounded.
The orc wizard barely misses you.
You puncture the orc wizard!
The orc wizard is severely wounded.
You block the orc wizard's attack.
The orc wizard gestures at you while chanting.
You are confused.
You bump into the rock wall.
The orc wizard barely misses you.
Unknown command.
You feel very mighty all of a sudden.
The orc wizard hits you but does no damage.
You bump into the rock wall.
You feel less confused.
You barely miss the orc wizard.
The orc wizard is severely wounded.
The orc wizard gestures wildly while chanting.
The orc wizard flickers and vanishes!
You closely miss the orc. Something hits you but does no damage.
The orc hits you with a +0 club. The orc hits you but does no damage.
You puncture the orc!
You kill the orc!
A magic dart appears from out of thin air!
The magic dart hits you!
* * * LOW HITPOINT WARNING * * *
Something hits you but does no damage.
It was a potion of lignification.
You turn into a tree.
Your +0 scale mail melds into your body.
Your roots penetrate the ground.
The orc hits you with a +0 mace.
You die...

### #.. ## #.# .. #.#
#.###.####.# #.).{.......
####o.###.# #)♣..#
#########.##.#
#..........#.#
#.#######.##. . ##.##
####.#. #.> #...###
#...#...# #.....#
#..#.#.#.## #...#.#
#...##.##.###
#####.#######...........#


You could see an orc.

Vanquished Creatures
  2 adders
  2 dart slugs (D:1)
  2 orcs (D:3)
  2 endoplasms
  A giant cockroach (D:3)
  4 goblins
  2 hobgoblins
  4 jackals (D:1)
  4 ball pythons
  A bat (D:2)
  A frilled lizard (D:3)
  A kobold (D:2)
  A rat (D:2)
27 creatures vanquished.

Notes
Turn   | Place    | Note
-------+----------+-------------------------------------------
     0 | D:1      | zeram the Merfolk Fighter began the quest for the Orb.
     0 | D:1      | Reached XP level 1. HP: 18/18 MP: 1/1
    80 | D:1      | Reached XP level 2. HP: 21/24 MP: 2/2
  1031 | D:2      | Reached XP level 3. HP: 24/29 MP: 3/3
  1200 | D:2      | Found a faded altar of an unknown god.
  1244 | D:2      | You fall into a shaft and drop 1 floor!
  1514 | D:3      | HP: 1/29 [something/magic dart (9)]
  1515 | D:3      | Slain by an orc

Illustrated notes

Levels and vault maps discovered:
D:1:      dpeg_arrival_lava_altar, layout_basic, serial_forest,
          infiniplex_forest_straight_5, infiniplex_forest_end_1,
          infiniplex_forest_join, infiniplex_forest_lined_3,
          infiniplex_forest_lined_corner, infiniplex_forest_clump_tiny,
          infiniplex_forest_clump_curved, chequers_serial_rivers_micro_d,
          columned_hall_lemuel
D:2:      minmay_thinvault, layout_loops_cross, ebering_ecumenical_altar_box
D:3:      layout_loops_ring, bloody_trog, hangedman_glass_teeth

Skill      XL: |  1  2  3 |
---------------+----------+-----
Polearms       | 4 |  4.3
Shields        | 4 |  4.0
Fighting       | |  3.2
Armour         | |  2.1
Dodging        | |  0.4

Action                   || total
-------------------------++-------
Melee: Trident           ||    91
  Use: Scroll            ||     1
       Potion            ||     2
Armor: Scale mail        ||    28
Dodge: Dodged            ||    22
Block: Kite shield       ||    36
